AoeStats
← varunalur2879

Arena

508131577Analyzed
4v4 RM · 13d ago on Sep 21, 2026· 40m 20s· 8 players
Game mode
Random Map
Map size
Large (8 player)
Population
200
Speed
Normal
Resources
Standard
Victory
Conquest
Starting age
Dark Age
Ending age
Imperial Age
RankedLock teamsTeams togetherTeam positionsShared explorationLock speedFull tech treeHidden civsTurbo modeCheats
Victory
Defeat
🇨🇦 Armenians · Canada
1365
+13
🇺🇸 Cumans · United States
1300
+16
🇺🇸 Magyars · United States
1255
+18
🇭🇺 Khmer · Hungary
1198
+21
🇮🇳 Khmer · India
1335
-18
🇺🇸 Turks · United States
1314
-18
🇺🇸 Cumans · United States
1291
-17
🇨🇳 Bohemians · China
1263
-15
^0^Nova^0^
9:56 Feudal Age
15:23 Castle Age
13:37 Double-Bit Axe
14:24 Horse Collar
16:22 Bow Saw
16:22 Loom
21:12 Fervor
21:28 Heavy Plow
25:23 Wheelbarrow
25:22 Gold Mining
25:24 Stone Mining
27:07 Hand Cart
27:59 Gold Shaft Mining
28:01 Stone Shaft Mining
31:04 Imperial Age
29:24 Ballistics
31:54 Forging
31:50 Scale Barding Armor
31:09 Heavy Scorpion
32:01 Siege Engineers
32:57 Chemistry
32:07 Double Crossbow
32:35 Conscription
33:40 Iron Casting
34:12 Town Watch
34:59 Murder Holes
35:15 Fortified Wall
36:58 Town Patrol
40:36 Blast Furnace
39:57 Chain Barding Armor
40:00 Sanctity
TheGrainmaker
8:55 Feudal Age
9:24 Double-Bit Axe
14:44 Horse Collar
15:59 Loom
19:06 Wheelbarrow
23:26 Castle Age
22:31 Bloodlines
22:27 Scale Barding Armor
22:49 Forging
23:55 Gold Mining
23:38 Capped Ram
27:25 Hand Cart
27:47 Chain Barding Armor
28:03 Iron Casting
33:06 Heavy Plow
36:57 Imperial Age
37:21 Cavalier
38:40 Plate Barding Armor
39:06 Blast Furnace
39:02 Town Watch
39:34 Steppe Husbandry
39:59 Conscription
40:39 Gold Shaft Mining
40:06 Town Watch
Cavanara
11:08 Feudal Age
11:42 Double-Bit Axe
11:38 Horse Collar
19:15 Gold Mining
20:05 Wheelbarrow
23:47 Castle Age
22:21 Scale Barding Armor
22:28 Bloodlines
24:10 Light Cavalry
24:51 Husbandry
25:12 Chain Barding Armor
38:21 Gold Shaft Mining
37:59 Bow Saw
37:50 Heavy Plow
ALinkToTheFuture
10:14 Feudal Age
10:04 Loom
10:37 Man-at-Arms
11:26 Long Swordsman
15:17 Horse Collar
16:12 Pikeman
18:33 Double-Bit Axe
20:32 Scale Mail Armor
21:23 Forging
23:48 Wheelbarrow
28:27 Castle Age
27:16 Gold Mining
28:03 Town Watch
28:15 Stone Mining
28:28 Arson
29:40 Chain Mail Armor
29:52 Squires
29:25 Halberdier
31:27 Iron Casting
30:57 Gambesons
33:49 Two-Handed Swordsman
34:48 Heavy Plow
35:05 Bow Saw
37:16 Champion
KhalDrogo
10:49 Feudal Age
11:16 Loom
11:28 Double-Bit Axe
22:46 Castle Age
21:02 Horse Collar
23:38 Bow Saw
24:14 Heavy Plow
28:06 Town Watch
28:57 Wheelbarrow
31:06 Scale Barding Armor
30:57 Gold Mining
31:43 Bloodlines
Im a Smurf
8:56 Feudal Age
9:55 Double-Bit Axe
9:58 Horse Collar
15:17 Bloodlines
18:56 Scale Barding Armor
20:44 Forging
23:29 Castle Age
21:16 Loom
23:28 Wheelbarrow
22:41 Loom
23:32 Gold Mining
25:20 Gold Shaft Mining
27:07 Chain Barding Armor
27:22 Iron Casting
28:31 Fletching
30:59 Hand Cart
33:28 Imperial Age
34:53 Cavalier
37:03 Paladin
39:49 Plate Barding Armor
varunalur2879
10:58 Feudal Age
11:19 Loom
14:01 Castle Age
12:00 Double-Bit Axe
12:05 Horse Collar
12:19 Double-Bit Axe
14:05 Loom
14:38 Bloodlines
15:10 Bow Saw
15:01 Gold Mining
18:25 Wheelbarrow
21:24 Husbandry
22:11 Bloodlines
24:49 Hand Cart
28:42 Imperial Age
26:33 Scale Barding Armor
27:21 Heavy Plow
28:10 Ballistics
28:53 Chain Barding Armor
27:56 Light Cavalry
29:08 Forging
30:13 Plate Barding Armor
30:11 Fletching
阿酷丶
11:01 Feudal Age
9:17 Loom
15:17 Castle Age
13:36 Double-Bit Axe
13:43 Horse Collar
15:19 Wheelbarrow
16:39 Bow Saw
17:18 Heavy Plow
27:30 Imperial Age
26:47 Chemistry
26:00 Fletching
26:11 Padded Archer Armor
29:49 Squires
29:34 Arson
29:10 Pikeman
30:30 Scale Mail Armor
30:40 Forging
32:54 Conscription
33:13 Fortified Wall
32:59 Murder Holes
34:39 Hand Cart
36:43 Ballistics
Connection lost

Rejoining the realm…

Still unreachable

The connection could not be restored.

Session expired

The server has moved on; the page needs a fresh start.